cohdb
Replays
Latest Replays
All Replays
Popular Replays
Top Player Replays
Match Explorer
How It Works
Community
CoH3 Stats
Reddit
Sign in to upload your games and track your stats! →
Sign in with Steam
Match 43777216
Unlisted
Match 43777216
Overview
Messages
Build Orders
End
Kettenkrad Recon Vehicle
Construct Infanterie Kompanie
MG 42 Machine Gun Team
Grenadier Squad
MG 42 Machine Gun Team
Construct Luftwaffe Kompanie
Jäger Squad
221 Scout Car
Selects Mechanized Battlegroup
Selects Mobile Repair Stations
Jäger Squad
Support Elements
Pioneer Squad
Wirbelwind Flakpanzer
Jäger Squad
Pioneer Squad
Selects Wespe Self-propelled Artillery
Wespe Self-propelled Artillery
Medical Station
Selects Raid Package
Selects 8 Rad Armored Car
Construct Panzer Kompanie
Kanio77
callofnoob
Supercatty
Czerwony
Mowgli01
Sauvage
[BBC] octo
LeMounky
0
0
Comments
sign in to comment!
No comments posted yet!